 Dungeon Crawl Stone Soup version 0.30-a0-358-g0d69a1922f (webtiles) character file.

Game seed: 3846347164157562830

3560 Devinter the Slicer (level 9, -1/68 HPs)
             Began as a Demonspawn Brigand on Nov 10, 2022.
             Was a Believer of Uskayaw.
             Slain by a wraith (9 damage)
             ... on level 8 of the Dungeon.
             The game lasted 00:49:59 (7394 turns).

Devinter the Slicer (Demonspawn Brigand)            Turns: 7394, Time: 00:50:00

Health: -1/68      AC: 10    Str: 12    XL:     9   Next: 83%
Magic:  13/13      EV: 12    Int: 12    God:    Uskayaw [**....]
Gold:   310        SH:  0    Dex: 19    Spells: 9/14 levels left

rFire   . . .      SeeInvis .    z - +3 dagger
rCold   . . .      Faith    +    (no shield)
rNeg    . . .      Spirit   .    b - +0 robe
rPois   +          Reflect  .    h - +0 helmet
rElec   .          Harm     .    x - +1 cloak
rCorr   .          Rampage  .    p - +0 pair of gloves
Will    .....                    (no boots)
Stlth   ++++......               C - amulet of faith
HPRegen 0.31/turn                s - ring of poison resistance
MPRegen 0.13/turn                A - +4 ring of protection

@: mighty, slowed, very slow
A: claws 2, demonic magic 1
a: Renounce Religion, Stomp, Line Pass


You were on level 8 of the Dungeon.
You worshipped Uskayaw.
Uskayaw was noncommittal.
You visited 2 branches of the dungeon, and saw 9 of its levels.

You collected 310 gold pieces.

Inventory:

Hand Weapons
 a - a +2 dagger
 c - a +6 vorpal flail
 o - a +2 whip of pain
 z - a +3 dagger (weapon)
Missiles
 e - 3 curare-tipped darts
 m - 14 poisoned darts (quivered)
 M - a throwing net
 P - 2 boomerangs
Armour
 b - a +0 robe (worn)
 h - a +0 helmet (worn)
 j - an orb of light
 p - a +0 pair of gloves (worn)
 x - a +1 cloak (worn)
 B - a +0 chain mail of fire resistance
 L - a +0 kite shield
 N - +0 steam dragon scales
Jewellery
 d - a ring of ice
 f - an amulet of guardian spirit
 q - an amulet of reflection
 s - a ring of poison resistance (left hand)
 A - a +4 ring of protection (right hand)
 C - an amulet of faith (around neck)
 D - a ring of positive energy
 Q - a ring of willpower
Wands
 r - a wand of iceblast (7)
 v - a wand of paralysis (17)
 y - a wand of flame (16)
Scrolls
 i - a scroll of teleportation
 n - a scroll of acquirement {unknown}
 t - 2 scrolls of poison
 E - a scroll of summoning {unknown}
 I - a scroll of amnesia {unknown}
 O - 2 scrolls of identify
Potions
 g - a potion of flight
 k - 8 potions of curing
 l - 3 potions of brilliance
 u - a potion of lignification {unknown}
 w - 3 potions of mutation {unknown}
 F - 2 potions of magic {unknown}
 G - a potion of haste {unknown}
 H - a potion of invisibility {unknown}
 J - a potion of berserk rage


   Skills:
 - Level 5.0 Fighting
 * Level 8.2 Short Blades
 - Level 2.0 Throwing
 - Level 2.0 Dodging
 + Level 6.3 Stealth
 - Level 3.0 Spellcasting
 - Level 3.0 Conjurations
 - Level 3.0 Hexes
 - Level 2.0 Air Magic
 - Level 2.0 Poison Magic
 + Level 6.2 Invocations


You had 9 spell levels left.
You knew the following spells:

 Your Spells              Type           Power      Damage    Failure   Level
a - Dazzling Flash        Conj/Hex       18%        N/A       22%         3
b - Poisonous Vapours     Pois/Air       12%        N/A       16%         2

Your spell library contained the following spells:

 Spells                   Type           Power      Damage    Failure   Level
 Sting                    Tmut/Pois      16%        1d3       16%         1
 Vhi's Electric Charge    Tloc/Air       8%         N/A       43%         3
 Airstrike                Air            3%         2d(1-17)  71%         4
 Olgreb's Toxic Radiance  Pois           6%         N/A       71%         4
 Summon Lightning Spire   Summ/Air       4%         N/A       85%         4
 Iskenderun's Battlesphe  Conj           9%         2d6       89%         5
 Arcjolt                  Conj/Air       3%         1d13      94%         5
 Lightning Bolt           Conj/Air       3%         1d15      94%         5
 Silence                  Hex/Air        3%         N/A       94%         5
 Agony                    Necr           1%         N/A       100%        5
 Iron Shot                Conj/Erth      2%         9d2       100%        6
 Spellforged Servitor     Conj/Summ      2%         N/A       100%        7
 Maxwell's Capacitive Co  Air            3%         ∞         100%        8


Dungeon Overview and Level Annotations

Branches:
Dungeon (8/15)             Temple (1/1) D:5
   Lair: D:8-11

Altars:
Cheibriados
Dithmenos
Fedhas
Gozag
Hepliaklqana
Kikubaaqudgha
Makhleb
Nemelex Xobeh
Qazlal
Sif Muna
Trog
Uskayaw
Vehumet
Wu Jian
Xom


Innate Abilities, Weirdness & Mutations

You have very sharp fingernails.
Spells you cast may paralyse adjacent enemies.


Message History

The wraith is heavily damaged.
The wraith hits you!
* * * LOW HITPOINT WARNING * * *
Casting: Poisonous Vapours (safe; 16% risk of failure)
Confirm with . or Enter, or press ? or * to list all spells.
Okay, then.
Aiming: Throw Flame
Press: ? - help, Shift-Dir - straight line, f - wraith
Aim: a wraith (heavily damaged, 68% to hit)
The puff of flame hits the wraith!
The wraith is severely damaged.
The goblin changes into a quokka!
The wraith hits you!
* * * LOW HITPOINT WARNING * * *
The wraith drains your vigour!
You feel as though you will be slow longer.
Okay, then.
It was a potion of might.
You feel very mighty all of a sudden. The wraith hits you but does no damage.
A sky beast appears from thin air!
Reactivating autopickup.
The wraith completely misses you.
You hit the wraith.
The wraith is severely damaged.
You hit the wraith.
The wraith is severely damaged.
The quokka changes into a dart slug!
The wraith closely misses you.
You hit the wraith.
The wraith is almost destroyed.
The dart slug changes into a gnoll!
The wraith closely misses you.
You can now pass through a line of other dancers.
You closely miss the wraith.
The wraith is almost destroyed.
The wraith hits you!
* * * LOW HITPOINT WARNING * * *
The wraith drains your vigour!
You feel as though you will be slow longer.
You hit the wraith.
The wraith is almost destroyed.
The wraith hits you!
You die...

#........###.......
#........[.........
#...............Y..
#.................. ##
#.................. #.
#............##.### #.
#........Y#### # ##.
#########W##############..
#......@.............#..
#.......................
###.......................
#..............#######....
#..............##.........
#.........................
#####......#######......(.
#......#sg...#........
###......#.$...#...<....


You could see an orb spider shaped shifter, a wraith, a sky beast and a gnoll
shaped shifter.

Vanquished Creatures
  A hornet (D:7)
  Grinder (D:4)
  Prince Ribbit (D:8)
  Sigmund (D:2)
  5 yaks (D:8)
  A steam dragon (D:8)
  2 water moccasins (D:7)
  2 ice beasts
  An orc warrior (D:5)
  3 ogres
  2 centaurs
  2 phantoms (D:3)
  A bullfrog (D:8)
  A gnoll sergeant (D:7)
  Blork the orc (D:4)
  3 killer bees (D:6)
  2 howler monkeys
  A hound (D:7)
  An orc priest (D:5)
  Crazy Yiuf (D:3)
  2 jellies
  Ijyb (D:4)
  2 orc wizards (D:5)
  Robin (D:3)
  7 gnolls (D:7)
  9 adders
  A white imp (D:6)
  An ufetubus (D:6)
  A worm (D:4)
  7 orcs
  8 ball pythons
  8 bats
  4 endoplasms
  2 giant cockroaches (D:1)
  14 hobgoblins
  9 kobolds
  2 quokkas
  3 frilled lizards
  11 goblins
  5 rats
131 creatures vanquished.

Notes
Turn   | Place    | Note
-------+----------+-------------------------------------------
     0 | D:1      | Devinter the Demonspawn Brigand began the quest for the
                  | Orb.
     0 | D:1      | Reached XP level 1. HP: 16/16 MP: 1/1
    61 | D:1      | Reached skill level 1 in Dodging
   116 | D:1      | Gained mutation: You have sharp fingernails. [demonic
                  | ancestry]
   116 | D:1      | Reached XP level 2. HP: 19/22 MP: 2/2
   167 | D:1      | Reached skill level 2 in Throwing
   169 | D:1      | Reached skill level 2 in Short Blades
   830 | D:2      | Gained mutation: Spells you cast may paralyse adjacent
                  | enemies. [demonic ancestry]
   830 | D:2      | Reached XP level 3. HP: 28/28 MP: 3/3
   943 | D:2      | You fall into a shaft and drop 1 floor!
  1095 | D:3      | Reached skill level 4 in Stealth
  1148 | D:3      | Reached XP level 4. HP: 32/34 MP: 2/4
  1166 | D:3      | Noticed Robin
  1216 | D:3      | Killed Robin
  1711 | D:2      | Noticed Sigmund
  1731 | D:2      | Killed Sigmund
  1732 | D:2      | Reached skill level 3 in Fighting
  1732 | D:2      | Reached skill level 3 in Short Blades
  1732 | D:2      | Reached skill level 2 in Dodging
  1732 | D:2      | Reached skill level 1 in Spellcasting
  1732 | D:2      | Reached XP level 5. HP: 21/41 MP: 3/6
  1821 | D:2      | Learned a level 3 spell: Dazzling Flash
  2220 | D:3      | Gained mutation: You have very sharp fingernails. [demonic
                  | ancestry]
  2220 | D:3      | Reached XP level 6. HP: 46/47 MP: 5/7
  2546 | D:3      | Found a runed translucent door.
  2547 | D:3      | Noticed Crazy Yiuf
  2554 | D:3      | Killed Crazy Yiuf
  2603 | D:4      | Noticed Grinder
  2604 | D:4      | Noticed Ijyb
  2729 | D:4      | Paralysed by Grinder for 2 turns
  2749 | D:3      | Reached skill level 1 in Conjurations
  2772 | D:3      | Reached skill level 4 in Fighting
  2772 | D:3      | Reached skill level 5 in Stealth
  2772 | D:3      | Reached skill level 1 in Hexes
  2912 | D:4      | Noticed Blork the orc
  2928 | D:4      | Killed Blork the orc
  2929 | D:4      | Reached XP level 7. HP: 7/55 MP: 1/8
  2930 | D:4      | Killed Ijyb
  3151 | D:4      | HP: 5/55 [acid (5)]
  3335 | D:4      | Paralysed by Grinder for 5 turns
  3343 | D:4      | Killed Grinder
  3344 | D:4      | Reached skill level 4 in Short Blades
  3344 | D:4      | Reached skill level 2 in Conjurations
  3563 | D:4      | Reached skill level 2 in Spellcasting
  3563 | D:4      | Reached skill level 2 in Hexes
  3684 | D:5      | Entered Level 5 of the Dungeon
  3714 | D:5      | Found a staircase to the Ecumenical Temple.
  3731 | D:5      | Learned a level 2 spell: Poisonous Vapours
  3732 | Temple   | Entered the Ecumenical Temple
  3782 | Temple   | Became a worshipper of Uskayaw the Reveller
  3820 | D:5      | Reached * piety under Uskayaw
  4029 | D:5      | Reached ** piety under Uskayaw
  4034 | D:5      | Reached skill level 5 in Short Blades
  4034 | D:5      | Reached XP level 8. HP: 50/61 MP: 11/11
  4035 | D:5      | Reached *** piety under Uskayaw
  4036 | D:5      | Reached **** piety under Uskayaw
  4037 | D:5      | Reached skill level 5 in Fighting
  4037 | D:5      | Reached skill level 1 in Air Magic
  4037 | D:5      | Reached skill level 1 in Poison Magic
  4037 | D:5      | Reached skill level 1 in Invocations
  4041 | D:5      | Reached ***** piety under Uskayaw
  4179 | D:5      | Reached skill level 2 in Invocations
  4585 | D:6      | Found an ornate altar of the Wu Jian Council.
  4856 | D:6      | Found a radiant altar of Vehumet.
  4891 | D:6      | Reached skill level 6 in Short Blades
  4891 | D:6      | Reached skill level 2 in Air Magic
  4891 | D:6      | Reached skill level 2 in Poison Magic
  4891 | D:6      | Reached skill level 3 in Invocations
  5607 | D:7      | Noticed a hornet
  5610 | D:7      | Found a snail-covered altar of Cheibriados.
  5611 | D:7      | Killed a hornet
  5612 | D:7      | Reached XP level 9. HP: 68/68 MP: 12/12
  5627 | D:7      | Reached skill level 4 in Invocations
  6120 | D:7      | Reached skill level 3 in Hexes
  6376 | D:7      | Reached skill level 3 in Conjurations
  6406 | D:7      | Reached skill level 3 in Spellcasting
  6758 | D:8      | Reached skill level 7 in Short Blades
  6844 | D:8      | Reached skill level 5 in Invocations
  6868 | D:8      | Reached skill level 6 in Stealth
  6886 | D:8      | Reached skill level 8 in Short Blades
  7109 | D:8      | Noticed Prince Ribbit
  7134 | D:8      | Killed Prince Ribbit
  7135 | D:8      | Reached skill level 6 in Invocations
  7240 | D:8      | Noticed a gargoyle
  7272 | D:8      | Found a shimmering altar of Xom.
  7274 | D:8      | Found a shimmering altar of Xom.
  7274 | D:8      | Found a shimmering altar of Xom.
  7274 | D:8      | Found a shimmering altar of Xom.
  7274 | D:8      | Found a shimmering altar of Xom.
  7275 | D:8      | Found a shimmering altar of Xom.
  7277 | D:8      | Found a shimmering altar of Xom.
  7374 | D:8      | Noticed a komodo dragon
  7375 | D:8      | a komodo dragon changed into a mana viper
  7375 | D:8      | Noticed a mana viper (shapeshifter)
  7380 | D:8      | a mana viper changed into a two-headed ogre
  7380 | D:8      | Noticed a two-headed ogre (shapeshifter)
  7384 | D:8      | a two-headed ogre changed into an orb spider
  7384 | D:8      | Noticed an orb spider (shapeshifter)
  7394 | D:8      | Slain by a wraith

Illustrated notes

Levels and vault maps discovered:
D:1:      wander_arrival_chamber, layout_loops_ring, minmay_shallow_snake_nest
D:2:      layout_basic, uniq_sigmund
D:3:      layout_basic, uniq_crazy_yiuf_cottage, uniq_robin
D:4:      layout_gridville, corner_web_ring, uniq_ijyb, uniq_grinder,
          uniq_blork_the_orc
D:5:      layout_basic, minmay_temple_entry_offerings
D:6:      layout_loops_ring, mainiacjoe_overflow_six_doors_small,
          overflow_temple_1_default, nicolae_overflow_crystal_walls,
          lemuel_coloured_pillars_altar
D:7:      layout_loops_corners, nicolae_overflow_hidden_temple, enter_bailey_7,
          chequers_hall_statues_corner_a, kennysheep_big_empty_room
D:8:      layout_basic, xom_shifter_show, uniq_prince_ribbit1, uniq_maggie
Temple:   nicolae_temple_ecumenical_triangle

Skill      XL: |  1  2  3  4  5  6  7  8  9 |
---------------+----------------------------+-----
Dodging        | 1 2 |  2.0
Throwing       | 2 |  2.0
Short Blades   | 2 3 5 6 8 |  8.2
Stealth        | 4 5 6 |  6.3
Fighting       | 3 4 5 |  5.0
Spellcasting   | 1 2 3 |  3.0
Conjurations   | 1 2 3 |  3.0
Hexes          | 1 2 3 |  3.0
Air Magic      | 2 |  2.0
Poison Magic   | 2 |  2.0
Invocations    | 3 6 |  6.2

Action                   |  1- 3 |  4- 6 |  7- 9 || total
-------------------------+-------+-------+-------++-------
Melee: Dagger            |    78 |   145 |   343 ||   566
       Punch             |       |     1 |     7 ||     8
Throw: Dart              |     1 |    31 |    26 ||    58
 Cast: Dazzling Flash    |       |       |     9 ||     9
       Poisonous Vapours |       |       |    18 ||    18
Invok: Stomp             |       |       |     3 ||     3
       Line Pass         |       |       |     1 ||     1
Evoke: Wand              |       |       |     8 ||     8
  Use: Scroll            |       |       |     9 ||     9
       Potion            |       |       |     4 ||     4
 Stab: Sleeping          |    10 |     4 |     5 ||    19
       Distracted        |       |     1 |       ||     1
       Paralysed         |       |       |    17 ||    17
       Invisible         |       |       |     4 ||     4
Armor: Robe              |    13 |    46 |   102 ||   161
Dodge: Dodged            |    32 |    98 |   185 ||   315
Block: Other             |       |       |     3 ||     3

Table legend: (Time is in decaauts)
 A = Elapsed time spent in this place.
 B = Non-inter-level travel time spent in this place.
 C = Inter-level travel time spent in this place.
 D = Time resting spent in this place.
 E = Time spent auto-exploring this place.
 F = Levels seen in this place.
 G = Mean time per level.
                   A        B        C        D        E       F      G
               +--------+--------+--------+--------+--------+-----+--------+
         Total |   7267 |   6895 |    372 |   1430 |   1424 |   9 |  807.4 |
       Dungeon |   7210 |   6838 |    372 |   1430 |   1424 |   8 |  901.2 |
        Temple |     56 |     56 |      0 |      0 |      0 |   1 |   56.0 |
               +--------+--------+--------+--------+--------+-----+--------+

Top non-repeatable levels by time:
     D:3: 1440 daAuts
     D:7: 1267 daAuts
     D:6: 1008 daAuts
     D:2: 938 daAuts
     D:5: 662 daAuts
     D:4: 634 daAuts
     D:1: 634 daAuts
     D:8: 623 daAuts
  Temple: 56 daAuts
